 Dungeon Crawl Stone Soup version 0.21.1-1-g345015f (webtiles) character file.

20363 Mirai the Thaumaturge (level 12, -1/59 HPs)
             Began as a Deep Elf Conjurer on Mar 31, 2018.
             Was a High Priest of Vehumet.
             Slain by Sonja
             ... wielding a +1 dagger of distortion
              (3 damage)
             ... on level 2 of the Lair of Beasts.
             The game lasted 01:01:23 (13763 turns).

Mirai the Thaumaturge (Deep Elf Conjurer)          Turns: 13763, Time: 01:01:23

Health: -1/59      AC:  7    Str:  5    XL:     12   Next: 44%
Magic:  18/32      EV: 13    Int: 29    God:    Vehumet [*****.]
Gold:   183        SH:  0    Dex: 15    Spells: 5/40 levels left

rFire    . . .     SeeInvis .   h - +1 short sword (flame)
rCold    + . .     Gourm    .   (no shield)
rNeg     . . .     Faith    .   o - +2 robe {rC+}
rPois    +         Spirit   .   z - +0 helmet
rElec    .         Reflect  .   (no cloak)
rCorr    .         Harm     .   (no gloves)
MR       ++...                  a - +0 pair of boots
Stlth    ++........             (no amulet)
HPRegen  0.19/turn              v - ring of poison resistance
MPRegen  0.23/turn              u - +3 ring of intelligence

@: no status effects
A: magic resistance 1, mutation resistance 1, shaggy fur 1
a: Renounce Religion


You were on level 2 of the Lair of Beasts.
You worshipped Vehumet.
Vehumet was extremely pleased with you.
You were not hungry.

You visited 3 branches of the dungeon, and saw 14 of its levels.

You collected 633 gold pieces.
You spent 450 gold pieces at shops.

Inventory:

Hand Weapons
 h - a +1 short sword of flaming (weapon)
 y - a +2 dagger of electrocution
Armour
 a - a +0 pair of boots (worn)
 f - +1 acid dragon scales
 o - a +2 robe of cold resistance (worn)
 z - a +0 helmet (worn)
 A - a +1 robe of cold resistance
Magical Staves
 B - an uncursed staff of cold
Jewellery
 l - a +2 ring of evasion
 p - an uncursed ring of see invisible
 q - an uncursed ring of fire
 u - a +3 ring of intelligence (right hand)
 v - a ring of poison resistance (left hand)
Wands
 i - a wand of polymorph (7)
 n - a wand of paralysis (8)
 r - a wand of flame (17)
 s - a wand of disintegration (14)
 x - a wand of acid (6)
 G - a wand of digging (17)
 M - a wand of iceblast (10)
Scrolls
 d - 11 scrolls of remove curse
 g - 14 scrolls of identify
 m - a scroll of enchant armour
 C - a scroll of teleportation
 F - 2 scrolls of fog
 K - a scroll of fear
 L - a scroll of blinking {unknown}
Potions
 e - 4 potions of curing
 D - 2 potions of mutation
Books
 b - a book of Conjurations

   Spells                             Type                      Level
   a - Magic Dart                     Conjuration                  1
   b - Searing Ray                    Conjuration                  2
   c - Dazzling Spray                 Conjuration/Hexes            3
   d - Fulminant Prism                Conjuration/Hexes            4
   e - Force Lance                    Conjuration/Translocation    4
   f - Iskenderun's Mystic Blast      Conjuration                  4
 j - a book of Battle

   Spells                             Type                      Level
   a - Infusion                       Charms                       1
   b - Shroud of Golubria             Charms/Translocation         2
   c - Song of Slaying                Charms                       2
   d - Spectral Weapon                Hexes/Charms                 3
   e - Regeneration                   Charms/Necromancy            3
 k - a book of Minor Magic

   Spells                             Type                      Level
   a - Magic Dart                     Conjuration                  1
   b - Blink                          Translocation                2
   c - Call Imp                       Summoning                    2
   d - Slow                           Hexes                        2
   e - Conjure Flame                  Conjuration/Fire             3
   f - Mephitic Cloud                 Conjuration/Poison/Air       3
 t - a book of Air

   Spells                             Type                      Level
   a - Shock                          Conjuration/Air              1
   b - Swiftness                      Charms/Air                   2
   c - Static Discharge               Conjuration/Air              3
   d - Airstrike                      Air                          4
   e - Lightning Bolt                 Conjuration/Air              5
 w - a book of Misfortune

   Spells                             Type                      Level
   a - Confusing Touch                Hexes                        1
   b - Confuse                        Hexes                        3
   c - Gell's Gravitas                Translocation                3
   d - Petrify                        Transmutation/Earth          4
   e - Metabolic Englaciation         Hexes/Ice                    5
   f - Yara's Violent Unravelling     Hexes/Transmutation          5
 E - a book of Power

   Spells                             Type                      Level
   a - Iskenderun's Battlesphere      Conjuration/Charms           5
   b - Venom Bolt                     Conjuration/Poison           5
   c - Bolt of Magma                  Conjuration/Fire/Earth       5
   d - Iron Shot                      Conjuration/Earth            6
   e - Orb of Destruction             Conjuration                  7
   f - Spellforged Servitor           Conjuration/Summoning        7
 H - a book of Air

   Spells                             Type                      Level
   a - Shock                          Conjuration/Air              1
   b - Swiftness                      Charms/Air                   2
   c - Static Discharge               Conjuration/Air              3
   d - Airstrike                      Air                          4
   e - Lightning Bolt                 Conjuration/Air              5
Miscellaneous
 J - a box of beasts
Comestibles
 c - 18 rations
 I - 5 chunks of flesh


   Skills:
 - Level 2.4 Dodging
 - Level 2.4 Stealth
 + Level 14.9 Spellcasting
 + Level 11.6 Conjurations
 - Level 10.5 Hexes
 * Level 10.9 Fire Magic
 - Level 6.0 Evocations


You had 5 spell levels left.
You knew the following spells:

 Your Spells              Type           Power        Failure   Level  Hunger
a - Magic Dart            Conj           ####         0%          1    None
b - Searing Ray           Conj           ######       1%          2    None
c - Iskenderun's Mystic   Conj           ######..     1%          4    None
d - Fulminant Prism       Conj/Hex       ######....   1%          4    None
e - Blink                 Tloc           N/A          3%          2    None
f - Mephitic Cloud        Conj/Pois/Air  #####...     1%          3    None
g - Throw Flame           Conj/Fire      ######       1%          2    None
h - Iskenderun's Battles  Conj/Chrm      ######..     1%          5    None
i - Bolt of Magma         Conj/Fire/Erth ######....   1%          5    None
j - Orb of Destruction    Conj           ######....   4%          7    #####..


Dungeon Overview and Level Annotations

Branches:
Dungeon (11/15)            Temple (1/1) D:5            Lair (2/6) D:11
    Orc (0/2) D:9
  Swamp: Lair:2-4    Shoals: Lair:2-4     Snake: Lair:2-4    Spider: Lair:2-4

Altars:
Ashenzari
Cheibriados
Dithmenos
Elyvilon
Fedhas
Gozag
Hepliaklqana
Kikubaaqudgha
Makhleb
Nemelex Xobeh
Okawaru
Qazlal
Ru
Sif Muna
Trog
Uskayaw
Vehumet
Wu Jian
Xom
Yredelemnul
Zin
The Shining One

Shops:
D:4 :   D:10 :

Annotations:
Lair:2 Sonja


Innate Abilities, Weirdness & Mutations

You are resistant to hostile enchantments. (MR+)
You are somewhat resistant to further mutation.
You are covered in fur. (AC +1)


Message History

Its appearance distorts for a moment.
Sonja hits you with an uncursed dagger of distortion!
Space warps horribly around you! Sonja closely misses you.
Sonja hits you but does no damage. Space warps horribly around you!
Casting: Magic Dart
Confirm with . or Enter, or press ? or * to list all spells.
Aiming: Bolt of Magma
Press: ? - help, Shift-Dir - straight line, f - Sonja
Aim: Sonja, wielding a dagger of distortion The bolt of magma misses Sonja.
Your battlesphere fires!
The barrage of energy hits Sonja.
Sonja is lightly wounded.
Sonja hits you with an uncursed dagger of distortion.
* * * LOW HITPOINT WARNING * * *
Space warps horribly around you!
* * * LOW HITPOINT WARNING * * *
Sonja closely misses you.
Sonja hits you with an uncursed dagger of distortion.
You die...

####### # ####..##.###
#####.#####
#........K.##........(.%###
#.........@'........KF..'.#
##............+.............
#P......*...###.....F§...##P
###.###.###P# #+##..####.##
## #...#### .... ## ##..#
##..# #..## ### #P.## ##...#


You could see Sonja and a friendly battlesphere.

Vanquished Creatures
  Fannar (Lair:1)
  3 hydras
  3 two-headed ogres
  The ghost of Totori the Jester, a novice DrIE of Nemelex Xobeh (D:8)
  A cyclops (D:8)
  2 black mambas
  A centaur zombie (D:11)
  Psyche (D:9)
  3 spiny frogs
  A komodo dragon (Lair:2)
  10 blink frogs
  A troll (D:10)
  3 hippogriffs
  2 wyverns (D:9)
  The ghost of wojtek the Chopper, an amateur MiFi of Makhleb (D:3)
  24 yaks
  A basilisk (Lair:2)
  A hungry ghost (D:8)
  A water moccasin (Lair:2)
  4 porcupines
  4 ice beasts
  2 sky beasts
  4 orc warriors
  2 black bears
  3 ogres
  4 centaurs
  4 phantoms
  3 wolves (Lair:2)
  A crocodile (Lair:2)
  A big kobold (D:9)
  6 bullfrogs
  4 scorpions
  5 killer bees (D:9)
  6 howler monkeys
  A bullfrog zombie (D:9)
  4 crimson imps
  5 hounds
  2 bullfrog skeletons
  3 jellies
  9 orc wizards
  7 orc priests
  Jessica (D:2)
  An iguana (D:6)
  Ijyb (D:3)
  9 worker ants
  A killer bee zombie (D:8)
  A hound skeleton (D:7)
  2 worker ant zombies
  4 gnolls (D:5)
  15 adders
  12 white imps (Lair:1)
  2 oozes
  An adder zombie (D:8)
  A worm (D:2)
  A dart slug (D:3)
  8 leopard geckos
  35 orcs
  2 ball pythons
  2 giant cockroaches
  13 goblins
  9 hobgoblins
  6 jackals
  13 kobolds
  4 quokkas
  A bat (D:2)
  6 frilled lizards
  A jackal skeleton (D:5)
  3 rats
300 creatures vanquished.

Vanquished Creatures (others)
  20 fulminant prisms
  4 fungi
24 creatures vanquished.

Grand Total: 324 creatures vanquished

Notes
Turn   | Place    | Note
-------+----------+-------------------------------------------
     0 | D:1      | Mirai the Deep Elf Conjurer began the quest for the Orb.
     0 | D:1      | Reached XP level 1. HP: 10/10 MP: 6/6
   100 | D:1      | Reached skill level 4 in Spellcasting
   100 | D:1      | Reached XP level 2. HP: 15/15 MP: 1/9
   105 | D:1      | Learned a level 2 spell: Searing Ray
   694 | D:2      | Reached XP level 3. HP: 19/19 MP: 7/11
   696 | D:2      | Reached skill level 5 in Spellcasting
  1044 | D:2      | Noticed Jessica
  1050 | D:2      | Killed Jessica
  1050 | D:2      | Reached skill level 6 in Spellcasting
  1050 | D:2      | Reached XP level 4. HP: 24/24 MP: 4/14
  1373 | D:3      | Noticed wojtek's ghost (amateur MiFi)
  1393 | D:3      | Killed wojtek's ghost
  1393 | D:3      | Reached skill level 8 in Spellcasting
  1393 | D:3      | Reached XP level 5. HP: 28/28 MP: 1/17
  1665 | D:3      | Found a faded altar of an unknown god.
  1849 | D:3      | Reached XP level 6. HP: 19/32 MP: 12/19
  1975 | D:3      | Noticed Ijyb
  1980 | D:3      | Killed Ijyb
  1983 | D:3      | Reached skill level 9 in Spellcasting
  2165 | D:3      | Learned a level 4 spell: Iskenderun's Mystic Blast
  2170 | D:3      | Learned a level 4 spell: Fulminant Prism
  2206 | D:4      | Found Niciluig's Book Emporium.
  2448 | D:4      | Noticed an ice beast
  2468 | D:4      | Killed an ice beast
  2468 | D:4      | Reached skill level 1 in Hexes
  2468 | D:4      | Reached skill level 1 in Evocations
  2778 | D:4      | Found a deep blue altar of Sif Muna.
  2846 | D:4      | Reached XP level 7. HP: 34/36 MP: 15/21
  2996 | D:5      | Entered Level 5 of the Dungeon
  3003 | D:5      | Reached skill level 5 in Conjurations
  3229 | D:5      | Found a staircase to the Ecumenical Temple.
  3429 | Temple   | Entered the Ecumenical Temple
  3512 | Temple   | Became a worshipper of Vehumet
  4263 | D:6      | Reached XP level 8. HP: 41/41 MP: 18/23
  4278 | D:6      | Reached skill level 10 in Spellcasting
  4295 | D:6      | Found a hazy altar of Hepliaklqana.
  4295 | D:6      | Found a bloodstained altar of Trog.
  4301 | D:6      | Found an iron altar of Okawaru.
  4303 | D:6      | Found a shadowy altar of Dithmenos.
  4304 | D:6      | Found an ornate altar of the Wu Jian Council.
  4946 | D:7      | Reached skill level 5 in Hexes
  4999 | D:7      | Noticed a hippogriff
  5013 | D:7      | Killed a hippogriff
  5199 | D:7      | Reached * piety under Vehumet
  5199 | D:7      | Offered knowledge of Shock by Vehumet.
  5367 | D:7      | Reached skill level 5 in Evocations
  5409 | D:7      | Reached XP level 9. HP: 36/45 MP: 9/25
  5798 | D:7      | Reached skill level 11 in Spellcasting
  6130 | D:8      | Noticed a cyclops
  6144 | D:8      | Killed a cyclops
  6571 | D:8      | Learned a level 2 spell: Blink
  6575 | D:8      | Learned a level 3 spell: Mephitic Cloud
  6649 | D:8      | Noticed Totori's ghost (novice DrIE)
  6664 | D:8      | Killed Totori's ghost
  6664 | D:8      | Reached skill level 12 in Spellcasting
  6690 | D:8      | Noticed a two-headed ogre
  6706 | D:8      | Killed a two-headed ogre
  6706 | D:8      | Reached XP level 10. HP: 6/50 MP: 0/28
  7201 | D:8      | Gained mutation: You are covered in fur. (AC +1) [potion of mutation]
  7201 | D:8      | Gained mutation: You are somewhat resistant to further mutation. [potion of mutation]
  7201 | D:8      | Gained mutation: You are resistant to hostile enchantments. (MR+) [potion of mutation]
  7258 | D:8      | Reached ** piety under Vehumet
  7258 | D:8      | Offered knowledge of Throw Flame by Vehumet.
  7262 | D:8      | Learned a level 2 spell: Throw Flame
  7461 | D:9      | Noticed Psyche
  7466 | D:9      | Killed Psyche
  7466 | D:9      | Reached skill level 1 in Fire Magic
  8232 | D:9      | Found a staircase to the Orcish Mines.
  8308 | D:9      | Offered knowledge of Ignite Poison by Vehumet.
  8692 | D:9      | Reached skill level 13 in Spellcasting
  8692 | D:9      | Reached *** piety under Vehumet
  8692 | D:9      | Reached skill level 10 in Hexes
  8695 | D:9      | Reached skill level 5 in Fire Magic
  9180 | D:9      | Found a shimmering altar of Xom.
  9211 | D:10     | Entered Level 10 of the Dungeon
  9429 | D:10     | Noticed a two-headed ogre
  9450 | D:10     | Killed a two-headed ogre
  9450 | D:10     | Reached XP level 11. HP: 54/54 MP: 17/30
  9517 | D:10     | Found Muevive Ilixt's Book Shop.
  9772 | D:10     | Got a shimmering chain mail
  9773 | D:10     | Identified the +4 chain mail of the Crypt {+Inv rF- Str+4 Dex+3} (You found it on level 10 of the Dungeon)
  9985 | D:11     | Noticed a two-headed ogre
  9989 | D:11     | Killed a two-headed ogre
  9989 | D:11     | Offered knowledge of Throw Icicle by Vehumet.
  9989 | D:11     | Reached skill level 10 in Conjurations
 10270 | D:4      | Bought a book of Power for 450 gold pieces
 10278 | D:4      | Learned a level 5 spell: Iskenderun's Battlesphere
 10290 | D:4      | Learned a level 5 spell: Bolt of Magma
 10712 | D:11     | Noticed a five-headed hydra
 11058 | D:11     | Found a staircase to the Lair.
 11105 | D:11     | Killed a five-headed hydra
 11260 | Lair:1   | Entered Level 1 of the Lair of Beasts
 11286 | Lair:1   | Reached **** piety under Vehumet
 11416 | Lair:1   | Reached skill level 14 in Spellcasting
 11531 | Lair:1   | Noticed Fannar
 11876 | Lair:1   | Offered knowledge of Olgreb's Toxic Radiance by Vehumet.
 12042 | Lair:1   | Learned a level 7 spell: Orb of Destruction
 12152 | Lair:1   | Killed Fannar
 12377 | Lair:1   | Noticed an eight-headed hydra
 12466 | Lair:1   | Killed an eight-headed hydra
 12466 | Lair:1   | Reached XP level 12. HP: 50/59 MP: 1/32
 13241 | Lair:2   | Reached ***** piety under Vehumet
 13259 | Lair:2   | Offered knowledge of Poison Arrow by Vehumet.
 13269 | Lair:2   | Reached skill level 10 in Fire Magic
 13557 | Lair:2   | Noticed Sonja
 13745 | Lair:2   | Noticed a five-headed hydra
 13750 | Lair:2   | Killed a five-headed hydra
 13763 | Lair:2   | HP: 2/59 [Sonja/uncursed dagger of distortion (14)]
 13763 | Lair:2   | Slain by Sonja

Skill      XL: |  1  2  3  4  5  6  7  8  9 10 11 12 |
---------------+-------------------------------------+-----
Spellcasting   | 4 6 8 9 10 12 13 14 | 14.9
Hexes          | 1 4 6 8 10 | 10.5
Evocations     | 1 3 5 6 |  6.0
Conjurations   | 5 7 8 9 11 | 11.6
Fire Magic     | 5 9 10 | 10.9
Dodging        | |  2.4
Stealth        | |  2.4

Action                   |  1- 3 |  4- 6 |  7- 9 | 10-12 || total
-------------------------+-------+-------+-------+-------++-------
Melee: Short sword       |     6 |     3 |     4 |     9 ||    22
 Cast: Magic Dart        |    56 |    53 |    60 |   108 ||   277
       Searing Ray       |     4 |    18 |    43 |    43 ||   108
       Iskenderun's Myst |       |       |    28 |   100 ||   128
       Fulminant Prism   |       |       |     8 |    12 ||    20
       Blink             |       |       |     1 |    29 ||    30
       Throw Flame       |       |       |       |     6 ||     6
       Mephitic Cloud    |       |       |       |     1 ||     1
       Bolt of Magma     |       |       |       |    32 ||    32
       Iskenderun's Batt |       |       |       |    31 ||    31
       Orb of Destructio |       |       |       |     8 ||     8
Evoke: Wand              |       |       |     8 |    35 ||    43
  Use: Potion            |       |     4 |       |     8 ||    12
       Scroll            |       |       |     9 |    10 ||    19
  Eat: Chunk             |       |     5 |    11 |    18 ||    34
       Ration            |       |       |     1 |     2 ||     3
Armor: Robe              |       |     3 |       |    19 ||    22
       Acid dragon scale |       |     8 |    15 |    49 ||    72
Dodge: Dodged            |    13 |    25 |    41 |   111 ||   190
